 Dungeon Crawl Stone Soup version 0.20.1-1-g8b1a95d66d (webtiles) character file.

3418 Jynx the Arsonist (level 9, -2/45 HPs)
             Began as a Deep Elf Fire Elementalist on Dec 22, 2017.
             Slain by a water moccasin (7 damage)
             ... on level 7 of the Dungeon.
             The game lasted 00:14:38 (9206 turns).

Jynx the Arsonist (Deep Elf Fire Elementalist)      Turns: 9206, Time: 00:14:39

Health: -2/45      AC:  4    Str:  5    XL:     9   Next: 76%
Magic:  0/24       EV: 13    Int: 24    God:
Gold:   297        SH:  0    Dex: 17    Spells: 13/26 levels left

rFire    . . .     SeeInvis .   t - +7 falchion of Sudden Death {slice, Dex+2}
rCold    . . .     Gourm    +   (no shield)
rNeg     . . .     Faith    .   a - +0 robe
rPois    .         Spirit   .   (no helmet)
rElec    .         Reflect  .   s - +0 cloak
rCorr    .         Harm     .   h - +0 pair of gloves
MR       .....                  (no boots)
Stlth    ++........             g - amulet of the gourmand
Regen    0.2/turn               (no ring)
MPRegen  0.2/turn               (no ring)

@: no status effects
A: no striking features
a: no special abilities


You were on level 7 of the Dungeon.
You were very full.

You visited 1 branch of the dungeon, and saw 9 of its levels.
You also visited: Sewer.

You collected 297 gold pieces.

Inventory:

Hand Weapons
 q - a +0 dagger
 t - the +7 falchion of Sudden Death (weapon) {slice, Dex+2}
   (You found it on level 4 of the Dungeon)

   It inflicts extra damage upon your enemies.
   It affects your dexterity (+2).
Armour
 a - a +0 robe (worn)
 h - a +0 pair of gloves (worn)
 s - a +0 cloak (worn)
Magical Staves
 B - an uncursed staff of energy
Jewellery
 g - an amulet of the gourmand (around neck)
 u - a +2 ring of dexterity {unknown}
 G - a +2 ring of strength {unknown}
Wands
 C - a wand of lightning (9/15)
Scrolls
 d - 3 scrolls of blinking
 f - 2 scrolls of fog
 j - 2 scrolls of teleportation
 m - 5 scrolls of remove curse
 n - a scroll of recharging
 y - 2 scrolls of fear {unknown}
 D - a scroll of magic mapping {unknown}
 F - 3 scrolls of acquirement {unknown}
 H - a scroll of enchant armour {unknown}
Potions
 e - 8 potions of curing
 i - a potion of haste
 k - 2 potions of heal wounds
 l - a potion of magic {unknown}
 p - 2 potions of berserk rage
 r - 2 potions of resistance
 v - 2 potions of invisibility {unknown}
 z - a potion of might {unknown}
 A - 3 potions of flight {unknown}
Books
 b - a book of Flames

   Spells                             Type                      Level
   a - Flame Tongue                   Conjuration/Fire             1
   b - Throw Flame                    Conjuration/Fire             2
   c - Conjure Flame                  Conjuration/Fire             3
   d - Inner Flame                    Hexes/Fire                   3
   e - Sticky Flame                   Conjuration/Fire             4
   f - Fireball                       Conjuration/Fire             5
 w - a book of Conjurations

   Spells                             Type                      Level
   a - Magic Dart                     Conjuration                  1
   b - Searing Ray                    Conjuration                  2
   c - Dazzling Spray                 Conjuration/Hexes            3
   d - Fulminant Prism                Conjuration/Hexes            4
   e - Force Lance                    Conjuration/Translocation    4
   f - Iskenderun's Mystic Blast      Conjuration                  4
Comestibles
 c - 6 bread rations
 o - 4 meat rations
 x - 2 royal jellies


   Skills:
 * Level 4.5 Long Blades
 - Level 2.4 Dodging
 - Level 2.4 Stealth
 + Level 9.1 Spellcasting
 + Level 6.8 Conjurations
 * Level 10.5 Fire Magic


You had 13 spell levels left.
You knew the following spells:

 Your Spells              Type           Power        Failure   Level  Hunger
a - Flame Tongue          Conj/Fire      #####        1%          1    None
b - Conjure Flame         Conj/Fire      ######..     1%          3    None
c - Sticky Flame          Conj/Fire      ######..     1%          4    ##.....
d - Fireball              Conj/Fire      ######....   4%          5    ####...


Dungeon Overview and Level Annotations

Branches:
Dungeon (9/15)
 Temple: D:4-7         Lair: D:8-11         Orc: D:9-12

Altars:
Cheibriados
Gozag
Nemelex Xobeh
Qazlal
Uskayaw
Xom


Message History

You don't have enough magic to cast that spell.
Casting: Sticky Flame
Confirm with . or Enter, or press ? or * to list all spells.
You don't have enough magic to cast that spell.
You feel better. The water moccasin bites you.
* * * LOW HITPOINT WARNING * * *
The water moccasin closely misses you. The water moccasin closely misses you.
Casting: Sticky Flame
Confirm with . or Enter, or press ? or * to list all spells.
Aiming: Sticky Flame
Press: ? - help, Shift-Dir - straight line, f - water moccasin
Aim: a water moccasin The sticky flame hits the water moccasin.
The water moccasin is moderately wounded.
The water moccasin is covered in liquid flames!
The water moccasin burns!
The water moccasin bites you.
* * * LOW HITPOINT WARNING * * *
The water moccasin burns!
The water moccasin bites you!
You die...

#....)####(#.#.......
##...##..).........#
######.####.###...#
#.# #.###<..##.# #.#
#.#.........# #.#
#.#........)# #.#
#...>.......# #.#
#####....##.. #@#
#....# (
##S########.....#
#...............#
#..####### .....#
#..# ..## #..# #..#
######..#######
#..............


You could see a water moccasin (burning).

Vanquished Creatures
  A two-headed ogre (D:5)
  Grinder (Sewer)
  Prince Ribbit (D:7)
  A water moccasin (D:7)
  3 ice beasts
  An ogre (D:4)
  4 centaurs
  3 big kobolds
  3 bullfrogs (D:6)
  A gnoll sergeant (D:6)
  A scorpion (D:5)
  5 killer bees (D:7)
  A howler monkey (D:5)
  A jelly (D:6)
  A quasit (Sewer)
  A bullfrog zombie (D:6)
  Crazy Yiuf (D:4)
  3 centaur skeletons
  A centaur zombie (D:5)
  7 worker ants
  3 big kobold zombies (Sewer)
  A worker ant zombie (D:5)
  8 adders
  8 gnolls
  A river rat (D:5)
  3 shadow imps
  7 ufetubi (Sewer)
  2 adder zombies (D:5)
  5 oozes
  An adder skeleton (D:8)
  3 worms
  3 dart slugs
  4 leopard geckos
  11 orcs
  A ball python (D:5)
  5 bats
  A bat zombie (Sewer)
  6 giant cockroaches
  14 goblins
  8 hobgoblins
  5 jackals
  25 kobolds
  4 quokkas
  A ball python skeleton (D:4)
  8 frilled lizards
  3 giant cockroach zombies (Sewer)
  A quokka skeleton (D:7)
  5 rats
188 creatures vanquished.

Vanquished Creatures (others)
  A kobold zombie (Sewer)
1 creature vanquished.

Grand Total: 189 creatures vanquished

Notes
Turn   | Place    | Note
-------+----------+-------------------------------------------
     0 | D:1      | Jynx the Deep Elf Fire Elementalist began the quest for the Orb.
     0 | D:1      | Reached XP level 1. HP: 10/10 MP: 6/6
   325 | D:1      | Reached XP level 2. HP: 11/15 MP: 2/8
  1107 | D:2      | Reached skill level 4 in Fire Magic
  1107 | D:2      | Reached XP level 3. HP: 19/19 MP: 7/10
  1112 | D:2      | Learned a level 3 spell: Conjure Flame
  1646 | D:2      | Reached XP level 4. HP: 23/24 MP: 3/11
  2519 | D:2      | Reached skill level 5 in Fire Magic
  2740 | D:2      | Learned a level 4 spell: Sticky Flame
  2789 | D:3      | Reached XP level 5. HP: 28/28 MP: 10/13
  3125 | D:3      | Found a shimmering altar of Xom.
  4451 | D:4      | Got a dazzling falchion
  4452 | D:4      | Identified the +7 falchion of Sudden Death {slice, Dex+2} (You found it on level 4 of the Dungeon)
  4488 | D:4      | Reached XP level 6. HP: 32/32 MP: 10/15
  4520 | D:4      | Found a hide-covered altar of Uskayaw.
  4521 | D:4      | Found an opulent altar of Gozag.
  4522 | D:4      | Found a sparkling altar of Nemelex Xobeh.
  4704 | D:4      | Reached skill level 5 in Spellcasting
  4721 | D:4      | Reached skill level 6 in Fire Magic
  4772 | D:4      | Reached skill level 1 in Long Blades
  4942 | D:4      | Found a runed door.
  4946 | D:4      | Noticed Crazy Yiuf
  4951 | D:4      | Killed Crazy Yiuf
  5035 | D:5      | Entered Level 5 of the Dungeon
  5155 | D:5      | Found a glowing drain.
  5185 | Sewer    | Entered a sewer
  5216 | Sewer    | Reached XP level 7. HP: 36/36 MP: 17/17
  5501 | Sewer    | Found a burning altar of Makhleb.
  5608 | Sewer    | Reached skill level 7 in Fire Magic
  5905 | Sewer    | Noticed Grinder
  5922 | Sewer    | Killed Grinder
  6159 | Sewer    | Reached XP level 8. HP: 41/41 MP: 16/19
  6577 | D:5      | Learned a level 5 spell: Fireball
  6735 | D:5      | Noticed a two-headed ogre
  6744 | D:5      | Killed a two-headed ogre
  6744 | D:5      | Reached skill level 5 in Conjurations
  6744 | D:5      | Reached skill level 8 in Fire Magic
  6993 | D:5      | Reached skill level 9 in Fire Magic
  7582 | D:6      | Reached XP level 9. HP: 35/45 MP: 11/22
  7928 | D:6      | Found a snail-covered altar of Cheibriados.
  9048 | D:7      | You fall through a shaft for 2 floors!
  9053 | D:9      | Reached skill level 10 in Fire Magic
  9101 | D:8      | Found a stormy altar of Qazlal.
  9104 | D:8      | Noticed a troll
  9177 | D:7      | Noticed Prince Ribbit
  9184 | D:7      | Killed Prince Ribbit
  9206 | D:7      | Slain by a water moccasin

Skill      XL: |  1  2  3  4  5  6  7  8  9 |
---------------+----------------------------+-----
Fire Magic     | 4 5 6 7 9 10 | 10.5
Conjurations   | 2 3 4 5 6 |  6.8
Spellcasting   | 4 5 6 7 9 |  9.1
Long Blades    | 1 2 3 4 |  4.5
Dodging        | |  2.4
Stealth        | |  2.4

Action                   |  1- 3 |  4- 6 |  7- 9 || total
-------------------------+-------+-------+-------++-------
Melee: Unarmed           |     1 |       |       ||     1
       Dagger            |       |    61 |       ||    61
       Falchion          |       |     1 |     3 ||     4
 Cast: Flame Tongue      |    64 |   142 |   215 ||   421
       Conjure Flame     |     2 |     3 |     2 ||     7
       Sticky Flame      |       |       |     9 ||     9
       Fireball          |       |       |     8 ||     8
  Use: Scroll            |     4 |     1 |     5 ||    10
       Potion            |       |       |     3 ||     3
  Eat: Chunk             |     6 |    16 |    13 ||    35
Armor: Robe              |     7 |    16 |    16 ||    39
Dodge: Dodged            |    12 |    70 |    73 ||   155
       Rpst.: Falchion   |       |     6 |    20 ||    26
